 Dungeon Crawl Stone Soup version 0.29.1-12-g30fa7ad0bf (webtiles) character file.

Game seed: 3325966292065848737

8870 hawla the Thaumaturge (level 11, -1/85 HPs)
             Began as a Meteoran Ice Elementalist on Dec 26, 2022.
             Was a Believer of Vehumet.
             Slain by a vampire mosquito (6 damage)
             ... on level 11 of the Dungeon.
             The game lasted 00:26:38 (4600 turns).

hawla the Thaumaturge (Meteoran Ice Elementalist)   Turns: 4600, Time: 00:26:38

Health: -1/85      AC:  6    Str: 10    XL:     11   Next: 95%
Magic:  26/27      EV: 14    Int: 29    God:    Vehumet [**....]
Gold:   520        SH:  0    Dex: 14    Spells: 23/33 levels left

rFire   + . .      SeeInvis .   n - +7 quarterstaff of Blind Justice {vorpal, Int+7}
rCold   + . .      Faith    .   (shield currently unavailable)
rNeg    . . .      Spirit   .   E - +0 steam dragon scales
rPois   .          Reflect  .   (no helmet)
rElec   .          Harm     .   (no cloak)
rCorr   .          Rampage  .   (no gloves)
Will    +....                   p - +0 pair of boots
Stlth   +.........              (no amulet)
HPRegen 0.24/turn               f - ring of protection from fire
MPRegen 0.20/turn               i - ring of protection from cold

@: freezing walls, glowing
A: sense surroundings 2, otherworldly, glowing, explore regen
a: Renounce Religion


You were on level 11 of the Dungeon.
You worshipped Vehumet.
Vehumet was pleased with you.
You visited 2 branches of the dungeon, and saw 12 of its levels.

You collected 520 gold pieces.

Inventory:

Hand Weapons
 n - the +7 quarterstaff of Blind Justice (weapon) {vorpal, Int+7}
   (You found it on level 3 of the Dungeon)

   It inflicts extra damage upon your enemies.
   Int:       It affects your intelligence (+7).
Armour
 p - a +0 pair of boots (worn)
 E - +0 steam dragon scales (worn)
 H - the +2 robe of the Engineer {rElec}
   (You found it on level 9 of the Dungeon)

   rElec:     It insulates you from electricity.
Magical Staves
 j - a staff of poison
 z - a staff of air
Jewellery
 f - a ring of protection from fire (left hand)
 i - a ring of protection from cold (right hand)
 s - a ring of protection from fire
 x - a +6 ring of intelligence
 G - a ring of see invisible
 J - a +4 ring of protection
Wands
 g - a wand of flame (19) (quivered)
 l - a wand of polymorph (23)
 q - a wand of charming (8)
Scrolls
 a - a scroll of fear
 h - a scroll of enchant weapon
 u - a scroll of poison
 w - a scroll of butterflies
 A - 2 scrolls of enchant armour {unknown}
 C - a scroll of brand weapon {unknown}
 F - a scroll of amnesia {unknown}
 I - 3 scrolls of summoning {unknown}
Potions
 b - 2 potions of magic
 c - a potion of curing
 d - a potion of haste
 e - 3 potions of attraction
 k - 2 potions of flight
 m - a potion of resistance
 o - a potion of mutation
 r - a potion of brilliance
 t - a potion of lignification
 v - a potion of berserk rage {unknown}
 D - a potion of might


   Skills:
 + Level 4.4 Fighting
 + Level 7.4 Staves
 + Level 5.3 Dodging
 - Level 1.4 Stealth
 + Level 11.8 Spellcasting
 + Level 7.9 Conjurations
 + Level 10.6 Ice Magic
 + Level 2.0 Air Magic
 + Level 2.0 Poison Magic
 + Level 2.9 Evocations


You had 23 spell levels left.
You knew the following spells:

 Your Spells              Type           Power      Damage    Failure   Level
a - Freeze                Ice            100%       1d11      1%          1
b - Frozen Ramparts       Ice            100%       1d16      1%          3
c - Hailstorm             Conj/Ice       63%        3d13      1%          4
d - Searing Ray           Conj           100%       2d8       1%          2

Your spell library contained the following spells:

 Spells                   Type           Power      Damage    Failure   Level
 Inner Flame              Hex/Fire       17%        N/A       10%         3
 Dazzling Flash           Conj/Hex       80%        N/A       1%          3
 Ozocubu's Armour         Ice            68%        N/A       1%          3
 Confusing Touch          Hex            17%        N/A       10%         3
 Silence                  Hex/Air        11%        N/A       50%         5
 Agony                    Necr           17%        N/A       65%         5
 Yara's Violent Unravell  Hex/Tmut       8%         3d5       65%         5
 Enfeeble                 Hex            8%         N/A       100%        7


Dungeon Overview and Level Annotations

Branches:
Dungeon (11/15) Zot: 2020  Temple (0/1) D:6            Lair (0/5) D:10
    Orc (1/2) D:9 Zot: 571

Altars:
Kikubaaqudgha
Nemelex Xobeh
Sif Muna
Trog
Vehumet

Shops:
D:5 [   D:8 [   D:11 *

Portals:
Ice
Cave: Orc:1

Annotations:
Orc:1 Snorg


Innate Abilities, Weirdness & Mutations

You passively map the area around you.
You are easily found by Zot.
You glow in the dark.
You regain HP and MP as you explore.


Message History

The troll is heavily wounded.
The wall freezes the vampire mosquito.
The vampire mosquito bites you but does no damage.
The wall freezes the vampire mosquito but does no damage.
The vampire mosquito closely misses you.
The wall freezes the vampire mosquito.
The vampire mosquito bites you.
The vampire mosquito draws strength from your injuries!
The wall freezes the vampire mosquito.
The vampire mosquito bites you.
* * * LOW HITPOINT WARNING * * *
The vampire mosquito draws strength from your injuries!
The searing ray hits the troll!
The troll is almost dead.
The wall freezes the vampire mosquito.
The vampire mosquito bites you.
* * * LOW HITPOINT WARNING * * *
The vampire mosquito draws strength from your injuries!
The wall freezes the vampire mosquito but does no damage.
The vampire mosquito barely misses you.
The wall freezes the vampire mosquito!
The vampire mosquito bites you but does no damage.
The wall freezes the vampire mosquito.
The vampire mosquito bites you.
* * * LOW HITPOINT WARNING * * *
The vampire mosquito draws strength from your injuries!
The wall freezes the troll.
The troll misses you. The troll claws you!
* * * LOW HITPOINT WARNING * * *
The troll claws you.
* * * LOW HITPOINT WARNING * * *
You feel better.
The wall freezes the vampire mosquito.
The vampire mosquito bites you!
* * * LOW HITPOINT WARNING * * *
The vampire mosquito draws strength from your injuries!
The wall freezes the vampire mosquito.
The vampire mosquito bites you but does no damage.
The wall freezes the troll.
You kill the troll!
Vehumet accepts your kill.
You feel your power returning.
The wall freezes the vampire mosquito!
You destroy the vampire mosquito!
Vehumet accepts your kill.
You feel your power returning.
The wall freezes the vampire mosquito.
The vampire mosquito bites you.
You die...

####### .......* ,
.......* * ......y###
########## * ......†@.#
#........# ,,*
.>.....#.# #........#
,...)...#.#####..∩.....#
.......#....##........#
, ,,
.......####..#........#
* <...... ##.').......#
* ....... ###........#
.......* #........# , ,
* ####'#####


You could see a vampire mosquito.

Vanquished Creatures
  2 two-headed ogres
  An orc high priest (D:9)
  An orc sorcerer (Orc:1)
  Maurice (D:11)
  The ghost of styxcanada the Covert, a novice SpBr of Gozag (D:5)
  2 trolls
  A hornet (D:7)
  Prince Ribbit (D:7)
  2 wyverns
  6 yaks (D:10)
  A steam dragon (D:8)
  3 vampire mosquitoes (D:11)
  An acid dragon (D:8)
  3 water moccasins
  A sky beast (D:7)
  6 orc warriors
  An ice beast (D:8)
  2 ogres
  A black bear (D:5)
  2 wolves (D:10)
  2 centaurs (D:9)
  A kobold brigand (D:9)
  2 bullfrogs
  3 scorpions (D:5)
  A gnoll sergeant (D:6)
  A necrophage (D:7)
  11 wights
  7 killer bees (D:9)
  An electric eel (D:10)
  6 howler monkeys
  2 jellies
  3 orc priests
  7 hounds
  2 iguanas (D:5)
  2 orc wizards (D:8)
  4 gnolls (D:6)
  5 adders
  A shadow imp (D:7)
  A white imp (D:8)
  A worm (D:5)
  30 orcs
  5 endoplasms
  A giant cockroach (D:2)
  3 hobgoblins
  13 jackals
  11 kobolds
  2 bats (D:2)
  A frilled lizard (D:1)
  9 goblins
  7 rats
184 creatures vanquished.

Vanquished Creatures (collateral kills)
  A wight (D:8)
1 creature vanquished.

Vanquished Creatures (others)
  An orc (D:8)
1 creature vanquished.

Grand Total: 186 creatures vanquished

Notes
Turn   | Place    | Note
-------+----------+-------------------------------------------
     0 | D:1      | hawla the Meteoran Ice Elementalist began the quest for the
                  | Orb.
     0 | D:1      | Reached XP level 1. HP: 14/14 MP: 5/5
    32 | D:1      | Reached XP level 2. HP: 20/20 MP: 0/6
   255 | D:1      | Reached skill level 3 in Spellcasting
   256 | D:1      | Reached skill level 5 in Ice Magic
   259 | D:1      | Reached XP level 3. HP: 15/26 MP: 1/8
   279 | D:1      | Learned a level 3 spell: Frozen Ramparts
   413 | D:2      | Reached XP level 4. HP: 17/33 MP: 2/10
   708 | D:3      | Found a faded altar of an unknown god.
   790 | D:3      | Reached skill level 4 in Spellcasting
   799 | D:3      | Reached XP level 5. HP: 38/38 MP: 0/12
   806 | D:3      | Identified the +7 quarterstaff of Blind Justice {vorpal,
                  | Int+7}
   960 | D:4      | Learned a level 4 spell: Hailstorm
  1145 | D:4      | Noticed an ogre
  1151 | D:4      | Killed an ogre
  1152 | D:4      | Reached XP level 6. HP: 41/45 MP: 2/13
  1334 | D:5      | Entered Level 5 of the Dungeon
  1354 | D:5      | Found an ancient bone altar of Kikubaaqudgha.
  1389 | D:5      | Reached XP level 7. HP: 27/50 MP: 7/14
  1391 | D:5      | Reached skill level 5 in Conjurations
  1468 | D:5      | Found a runed translucent door.
  1469 | D:5      | Noticed styxcanada's ghost (novice SpBr)
  1533 | D:5      | Killed styxcanada's ghost
  1534 | D:5      | Reached skill level 1 in Staves
  1534 | D:5      | Reached skill level 5 in Spellcasting
  1534 | D:5      | Reached XP level 8. HP: 54/58 MP: 11/16
  1656 | D:5      | Reached skill level 1 in Fighting
  1895 | D:5      | Found Muc Rosi's Antique Armour Boutique.
  2120 | D:6      | Reached skill level 6 in Spellcasting
  2140 | D:6      | Found a staircase to the Ecumenical Temple.
  2149 | D:6      | Found a radiant altar of Vehumet.
  2169 | D:6      | Became a worshipper of Vehumet
  2176 | D:7      | Noticed Prince Ribbit
  2188 | D:7      | Killed Prince Ribbit
  2189 | D:7      | Gained mutation: You passively map the area around you.
                  | [Meteoran growth]
  2189 | D:7      | Reached XP level 9. HP: 52/64 MP: 9/20
  2371 | D:7      | Reached skill level 7 in Spellcasting
  2444 | D:7      | Noticed a hornet
  2456 | D:7      | Killed a hornet
  2727 | D:7      | Reached skill level 1 in Poison Magic
  3039 | D:7      | Found a sparkling altar of Nemelex Xobeh.
  3093 | D:8      | Reached skill level 8 in Spellcasting
  3112 | D:8      | Reached XP level 10. HP: 66/74 MP: 20/23
  3444 | D:8      | Found a bloodstained altar of Trog.
  3481 | D:8      | Reached skill level 5 in Staves
  3603 | D:8      | Found Pyehyama's Armour Shoppe.
  3722 | D:9      | Reached skill level 9 in Spellcasting
  3737 | D:9      | Reached * piety under Vehumet
  3737 | D:9      | Offered knowledge of Magic Dart by Vehumet.
  3804 | D:9      | Found a shimmering blue altar of Sif Muna.
  3823 | D:9      | Found a staircase to the Orcish Mines.
  3949 | D:9      | Reached XP level 11. HP: 65/83 MP: 25/25
  4000 | Orc:1    | Entered Level 1 of the Orcish Mines
  4007 | Orc:1    | Found a frozen archway.
  4009 | Orc:1    | Noticed an orc sorcerer
  4013 | Orc:1    | Reached ** piety under Vehumet
  4014 | Orc:1    | Killed an orc sorcerer
  4014 | Orc:1    | Offered knowledge of Searing Ray by Vehumet.
  4015 | Orc:1    | Reached skill level 10 in Spellcasting
  4017 | Orc:1    | Noticed an orc high priest
  4075 | D:9      | Identified the +2 robe of the Engineer {rElec}
  4293 | D:9      | Learned a level 2 spell: Searing Ray
  4297 | D:10     | Entered Level 10 of the Dungeon
  4312 | D:10     | Reached skill level 10 in Ice Magic
  4318 | D:10     | Reached skill level 5 in Dodging
  4415 | Orc:1    | Noticed Snorg
  4432 | D:9      | Noticed a sun demon
  4433 | D:9      | Noticed a sun demon
  4433 | D:9      | Killed an orc high priest
  4434 | D:9      | Reached skill level 11 in Spellcasting
  4491 | D:10     | Noticed a two-headed ogre
  4499 | D:10     | Killed a two-headed ogre
  4516 | D:11     | Found Caxapimn's General Store.
  4516 | D:11     | Noticed Maurice
  4516 | D:11     | Noticed a two-headed ogre
  4531 | D:11     | Killed a two-headed ogre
  4531 | D:11     | Offered knowledge of Inner Flame by Vehumet.
  4542 | D:11     | Killed Maurice
  4599 | D:11     | HP: 2/85 [troll (3)]
  4600 | D:11     | Slain by a vampire mosquito

Illustrated notes

Levels and vault maps discovered:
D:1:      elethiomel_arrival_fortress_basement, layout_loops_cross,
          st_stairs_13, minmay_misc_feat_x
D:2:      wander_river, layout_basic
D:3:      layout_loops_ring, shapermc_ecumenical_altar_flowoftime
D:4:      layout_cave_pools
D:5:      layout_basic, mainiacjoe_overflow_small_starburst, serial_shops,
          nicolae_take_the_stairs, gammafunk_ghost_grave,
          minmay_misc_feat_encased
D:6:      layout_basic, vehumet_crystals, lemuel_tele_altar, temple_pool_b
D:7:      layout_basic, mainiacjoe_overflow_tiny_flanked, uniq_prince_ribbit1
D:8:      layout_basic, mainiacjoe_overflow_boulevard, serial_shops, shop,
          st_stairs_10
D:9:      layout_rooms, lemuel_crystal_altar, david_orc_3, dk_rats_in_the_wall
D:10:     layout_basic, okawaru_altar_gauntlet_db, erik_lair_island
D:11:     layout_roguey, serial_shops, shop, uniq_maurice
Orc:1:    layout_diamond_mine, basic_altar, portal_ice_cave_entry_pillars_2,
          minmay_orc_temple_a, uniq_snorg

Skill      XL: |  1  2  3  4  5  6  7  8  9 10 11 |
---------------+----------------------------------+-----
Spellcasting   | 3 4 5 6 8 9 11 | 11.8
Ice Magic      | 5 6 7 8 9 10 | 10.6
Conjurations   | 3 4 6 7 |  7.9
Evocations     | 2 |  2.9
Staves         | 1 2 3 6 7 |  7.4
Dodging        | 3 4 5 |  5.3
Fighting       | 1 2 3 4 |  4.4
Poison Magic   | 2 |  2.0
Air Magic      | 2 |  2.0
Stealth        | |  1.4

Action                   |  1- 3 |  4- 6 |  7- 9 | 10-12 || total
-------------------------+-------+-------+-------+-------++-------
Melee: Unarmed           |     4 |    16 |       |       ||    20
       Punch             |     1 |       |       |       ||     1
       Quarterstaff      |       |     4 |    39 |    54 ||    97
 Cast: Freeze            |    31 |    40 |    16 |     8 ||    95
       Frozen Ramparts   |     2 |    10 |    14 |    17 ||    43
       Hailstorm         |       |     1 |     6 |    33 ||    40
       Searing Ray       |       |       |       |     8 ||     8
Evoke: Wand              |       |       |     3 |     5 ||     8
  Use: Scroll            |     1 |     5 |     3 |    12 ||    21
       Potion            |       |     1 |       |     5 ||     6
Armor: Robe              |     7 |    13 |     6 |     1 ||    27
       Steam dragon scal |       |       |       |    30 ||    30
       Skin              |       |       |       |     9 ||     9
Dodge: Dodged            |    22 |    28 |    25 |    70 ||   145
